 Dungeon Crawl Stone Soup version 0.19-a0-739-gf2af308 (webtiles) character file.

3140 Aksej the Cleaver (level 9, -5/69 HPs)
             Began as a Demonspawn Gladiator on June 23, 2016.
             Slain by a hill giant
             ... wielding a +0 giant spiked club
              (17 damage)
             ... on level 8 of the Dungeon.
             The game lasted 00:17:30 (8512 turns).

Aksej the Cleaver (Demonspawn Gladiator)            Turns: 8512, Time: 00:17:31

Health: -5/69      AC: 17    Str: 18    XL:     9   Next: 61%
Magic:  9/9        EV:  7    Int:  7    God:
Gold:   426        SH:  0    Dex: 17    Spells: 0 memorised, 8 levels left

rFire  + . .     SeeInvis .     a - +1 war axe
rCold  . . .     Gourm    .     k - +0 plate armour
rNeg   + . .     Faith    .     (no shield)
rPois  .         Spirit   .     (helmet restricted)
rElec  .         Dismiss  .     o - +0 cloak
rCorr  .         Reflect  .     (no gloves)
SustAt .         Harm     .     (no boots)
MR     .....     Rnd*Tele +     (no amulet)
Stlth  +.........               D - ring of protection from fire
                                y - ring of positive energy

@: about to teleport, not resistant to hostile enchantments, very unstealthy
A: beak, hooves 2, iridescent scales 1, agile 1, dopey 1, high mp 1,
nightstalker 2, sense surroundings 2, teleportitis 1, wild magic 1, rot immunity
a: no special abilities


You were on level 8 of the Dungeon.
You were hungry.

You visited 2 branches of the dungeon, and saw 9 of its levels.

You collected 426 gold pieces.

Inventory:

Hand Weapons
 a - a +1 war axe (weapon)
Missiles
 d - 3 throwing nets (quivered)
 i - 3 tomahawks of returning
 B - 3 tomahawks
Armour
 k - a +0 plate armour (worn)
 o - a +0 cloak (worn)
Jewellery
 y - a ring of positive energy (left hand)
 D - a ring of protection from fire (right hand)
Wands
 n - a wand of iceblast (7/15)
 s - a wand of iceblast (8/15)
 v - a wand of digging (19/24)
 w - a wand of teleportation (5/9)
Scrolls
 c - 2 scrolls of identify
 g - a scroll of fog
 h - 3 scrolls of remove curse
 r - a scroll of magic mapping
 A - a scroll of blinking
Potions
 e - 3 potions of curing
 p - a potion of lignification
 q - a potion of cancellation
 t - a potion of ambrosia
 x - a potion of flight
Comestibles
 f - 8 bread rations
 m - a meat ration
 C - a beef jerky
 E - a slice of pizza


   Skills:
 + Level 5.9 Fighting
 * Level 8.4 Axes
 + Level 1.7 Throwing
 + Level 4.6 Armour
 + Level 4.5 Dodging
 * Level 5.5 Stealth


You had 8 spell levels left.
You didn't know any spells.

Dungeon Overview and Level Annotations

Branches:
Dungeon (8/15)             Temple (1/1) D:5
   Lair: D:8-11

Altars:
Ashenzari
Cheibriados
Dithmenos
Elyvilon
Fedhas
Gozag
Hepliaklqana
Kikubaaqudgha
Makhleb
Nemelex Xobeh
Pakellas
Qazlal
Ru
Sif Muna
Trog
Uskayaw
Vehumet
Yredelemnul
Zin

Shops:
D:6 }

Annotations:
D:5 Prince Ribbit


Innate Abilities, Weirdness & Mutations

You have hoof-like feet.
You are partially covered in iridescent scales. (AC +4)
You are significantly more attuned to the shadows.
You are immune to rotting.
You have a beak for a mouth.
You are agile. (Dex +2)
You are dopey. (Int -2)
You have an increased reservoir of magic. (+10% MP)
You passively map the area around you.
You are occasionally teleported next to monsters.
Your spells are a little harder to cast, but a little more powerful.


Message History

You assume a fearsome visage.
The hill giant looks frightened!
Evoke which item? (* to show all) (? for menu, Esc to quit)
Zapping:
n - a wand of iceblast (will waste charges)
Press: ? - help, Shift-Dir - straight line, f - hill giant
Aim: a hill giant, wielding a giant spiked club (fleeing) That beam is likely to hit you.
Continue anyway?
Okay, then.
Unknown command.
You are feeling hungry.
You catch the helpless hill giant completely off-guard!
You hit the hill giant.
Your attack snaps the hill giant out of its fear.
Your kick misses the hill giant. You peck the hill giant.
The hill giant is lightly wounded.
The hill giant hits you with a giant spiked club!
* * * LOW HITPOINT WARNING * * *
As you read the scroll of teleportation, it crumbles to dust.
You feel strangely unstable.
The hill giant hits you with a giant spiked club!
You die...

, **,..... , * , *
##...## **, , ,
.<...?# , , **#..))#
* , ##$#.# , , , #
#.# *,, , ,,,* * *
#.# * * ,, , * #C#
,,* , * , #@# *, ,, ,
, ,, ..#.## * *
#.#..# ,* ,*#.##.# ,
* , * ** .####.##.# *
, , , , ....#.##.###.
* ,...............
.............##.###..
, ,
........#.....##.#
**, *


You could see a hill giant.

Vanquished Creatures
  The ghost of Aksej the Cleaver, a novice DsGl of Okawaru (D:7)
  A wraith (D:7)
  A hungry ghost (D:6)
  The ghost of Aksej the Ducker, an amateur DsGl (D:3)
  Menkaure (D:5)
  A black bear (D:7)
  An ice beast (D:5)
  3 sky beasts
  2 ogres
  2 giant frogs
  3 scorpions (D:4)
  5 wights
  3 centaur zombies
  2 orc wizards
  6 human zombies (D:7)
  A giant frog skeleton (D:5)
  2 jellies (D:7)
  2 iguanas (D:4)
  A human skeleton (D:7)
  A worker ant (D:4)
  2 hound skeletons (D:4)
  A mummy (D:7)
  4 gnolls (D:4)
  12 adders
  3 shadow imps
  4 oozes
  4 worms
  A dart slug (D:3)
  2 giant geckos
  24 orcs
  A bat (D:3)
  5 giant cockroaches
  10 goblins
  7 hobgoblins
  16 jackals
  3 quokkas
  A ball python (D:3)
  4 giant newts
  9 kobolds
  An orc zombie (D:7)
  A quokka skeleton (D:5)
  6 rats
161 creatures vanquished.

Vanquished Creatures (collateral kills)
  A giant frog (D:6)
1 creature vanquished.

Vanquished Creatures (others)
  A kobold (D:2)
1 creature vanquished.

Grand Total: 163 creatures vanquished

Notes
Turn   | Place    | Note
--------------------------------------------------------------
     0 | D:1      | Aksej the Demonspawn Gladiator began the quest for the Orb.
     0 | D:1      | Reached XP level 1. HP: 16/16 MP: 1/1
   297 | D:1      | Gained mutation: You are partially covered in iridescent scales. (AC +4) [demonic ancestry]
   297 | D:1      | Reached XP level 2. HP: 12/22 MP: 2/2
   331 | D:1      | Reached skill level 3 in Axes
   544 | D:1      | Reached skill level 1 in Stealth
   924 | D:1      | Gained mutation: You are slightly more attuned to the shadows. [demonic ancestry]
   924 | D:1      | Reached XP level 3. HP: 27/27 MP: 3/3
   959 | D:1      | Gained mutation: You are dopey. (Int -2) [potion of mutation]
   959 | D:1      | Gained mutation: Your spells are a little harder to cast, but a little more powerful. [potion of mutation]
   959 | D:1      | Gained mutation: Your spells are harder to cast, but more powerful. [potion of mutation]
   960 | D:1      | Gained mutation: You passively map a small area around you. [potion of mutation]
   960 | D:1      | Gained mutation: You have supernaturally acute eyesight. (SInv) [potion of mutation]
   960 | D:1      | Gained mutation: You are resistant to hostile enchantments. (MR+) [potion of mutation]
  1397 | D:2      | Reached XP level 4. HP: 34/34 MP: 4/4
  1549 | D:2      | Found a sparkling altar of Nemelex Xobeh.
  1552 | D:2      | Found a shattered altar of Ashenzari.
  1558 | D:2      | Found a basalt altar of Yredelemnul.
  1618 | D:2      | Found a sparkling altar of Nemelex Xobeh.
  1942 | D:3      | You fall through a shaft for 2 floors!
  1942 | D:5      | Entered Level 5 of the Dungeon
  1942 | D:5      | Found a deep blue altar of Sif Muna.
  1982 | D:4      | Reached skill level 1 in Armour
  1982 | D:4      | Gained mutation: You have large cloven feet. [demonic ancestry]
  1982 | D:4      | Reached XP level 5. HP: 30/39 MP: 5/5
  2495 | D:3      | Found a deep blue altar of Sif Muna.
  2797 | D:3      | Noticed Aksej's ghost (amateur DsGl)
  2823 | D:3      | Killed Aksej's ghost
  2823 | D:3      | Reached skill level 4 in Axes
  2823 | D:3      | Gained mutation: You have hoof-like feet. [demonic ancestry]
  2823 | D:3      | Reached XP level 6. HP: 24/47 MP: 6/6
  4081 | D:4      | Gained mutation: You are immune to rotting. [demonic ancestry]
  4081 | D:4      | Reached XP level 7. HP: 45/52 MP: 7/7
  4272 | D:4      | Reached skill level 5 in Axes
  5026 | D:5      | Gained mutation: You are somewhat resistant to further mutation. [mutagenic meat]
  5028 | D:5      | Gained mutation: You are occasionally teleported next to monsters. [mutagenic meat]
  5082 | D:5      | Noticed Menkaure
  5101 | D:5      | Killed Menkaure
  5307 | D:5      | Found a staircase to the Ecumenical Temple.
  5314 | D:5      | Reached skill level 6 in Axes
  5314 | D:5      | Reached XP level 8. HP: 60/60 MP: 8/8
  5330 | Temple   | Entered the Ecumenical Temple
  5800 | D:5      | Noticed Prince Ribbit
  6068 | D:5      | Lost mutation: You are somewhat resistant to further mutation. [potion of cure mutation]
  6068 | D:5      | Lost mutation: Your spells are harder to cast, but more powerful. [potion of cure mutation]
  6068 | D:5      | Lost mutation: You are resistant to hostile enchantments. (MR+) [potion of cure mutation]
  6772 | D:6      | Reached skill level 7 in Axes
  6991 | D:6      | Found an oddly glowing altar of Pakellas.
  6991 | D:6      | Found Pakellas's Prime Provisions.
  7040 | D:7      | Found a bloodstained altar of Trog.
  7180 | D:7      | Found an ancient bone altar of Kikubaaqudgha.
  7200 | D:7      | Gained mutation: You are significantly more attuned to the shadows. [demonic ancestry]
  7200 | D:7      | Reached XP level 9. HP: 58/67 MP: 9/9
  7307 | D:7      | Found a blossoming altar of Fedhas.
  7355 | D:7      | Reached skill level 5 in Fighting
  7573 | D:7      | Reached skill level 5 in Stealth
  7804 | D:7      | Lost mutation: You have supernaturally acute eyesight. (SInv) [mutagenic meat]
  7805 | D:7      | Gained mutation: You have an increased reservoir of magic. (+10% MP) [mutagenic meat]
  7806 | D:7      | Gained mutation: You are agile. (Dex +2) [mutagenic meat]
  7807 | D:7      | Gained mutation: You passively map the area around you. [mutagenic meat]
  7808 | D:7      | Gained mutation: You have a beak for a mouth. [mutagenic meat]
  8140 | D:7      | Found a burning altar of Makhleb.
  8288 | D:7      | Noticed Aksej's ghost (novice DsGl)
  8309 | D:7      | Killed Aksej's ghost
  8309 | D:7      | Reached skill level 8 in Axes
  8499 | D:8      | Noticed a hill giant
  8512 | D:8      | Slain by a hill giant

Vault maps used:
D:1:      minmay_arrival_stair_chambers, eino_curves_04, minivault_5
D:2:      grunt_temple_overflow_diamond, nemelex_altar_shiori
D:3:      led_sif_pool
D:4:      kennysheep_potato
D:5:      basic_altar, first_bread, kennysheep_small_circle,
          uniq_prince_ribbit1, uniq_menkaure
D:6:      johnstein_pakellas_shop
D:7:      lightli_temple_of_fire, lemuel_mausoleum_altar_kikubaaqudgha,
          fedhas_altar_3, nicolae_overflow_crystal_walls
D:8:      okawaru_metal_pillars_1_2, grunt_livestock
Temple:   minmay_temple_curvy_loop

Skill      XL: |  1  2  3  4  5  6  7  8  9 |
---------------+----------------------------+-----
Axes           | 3 4 6 7 8 |  8.4
Dodging        | 3 4 |  4.5
Stealth        | 1 2 3 4 5 |  5.5
Armour         | 1 2 4 |  4.6
Fighting       | 3 4 5 |  5.9
Throwing       | |  1.7

Action                   |  1- 3 |  4- 6 |  7- 9 || total
-------------------------+-------+-------+-------++-------
Melee: War axe           |    97 |   169 |   419 ||   685
       Kick              |       |    39 |   143 ||   182
       Peck              |       |       |    27 ||    27
  Use: Scroll            |     7 |     5 |     6 ||    18
       Potion            |     2 |     5 |    13 ||    20
 Stab: Sleeping          |     4 |     2 |       ||     6
       Fleeing           |       |       |     1 ||     1
  Eat: Chunk             |     2 |     8 |    17 ||    27
       Beef jerky        |       |       |     2 ||     2
       Fruit             |       |       |     4 ||     4
       Meat ration       |       |       |     2 ||     2
       Bread ration      |       |       |     1 ||     1
Armor: Leather armour    |    35 |     1 |       ||    36
       Chain mail        |       |    89 |    89 ||   178
       Skin              |       |    11 |    12 ||    23
       Plate armour      |       |       |   208 ||   208
Dodge: Dodged            |    68 |    86 |   152 ||   306
